 Dungeon Crawl Stone Soup version 0.24.1 (webtiles) character file.

Game seed: 16165903835103600521, levelgen mode: deterministic

5864 Destapler the Cruncher (level 10, -2/55 (56) HPs)
             Began as a Tengu Venom Mage on Apr 5, 2020.
             Was a Believer of Sif Muna.
             Slain by a wyvern (10 damage)
             ... on level 13 of the Dungeon.
             The game lasted 00:43:18 (11049 turns).

Destapler the Cruncher (Tengu Venom Mage)          Turns: 11049, Time: 00:43:18

HP:   -2/55 (56)    AC:  9    Str:  9    XL:     10   Next: 81%
MP:   16/16         EV: 15    Int: 21    God:    Sif Muna [**....]
Gold: 294           SH: 12    Dex: 15    Spells: 12/15 levels left

rFire    + . .     SeeInvis +   b - staff of poison
rCold    . . .     Gourm    .   q - +1 buckler
rNeg     . . .     Faith    .   m - +0 robe
rPois    +         Spirit   .   (helmet restricted)
rElec    .         Reflect  +   (no cloak)
rCorr    .         Harm     .   d - +0 pair of gloves
MR       .....                  (boots unavailable)
Stlth    ++++......             D - amulet of the Cast Vote {Reflect Int+3 SH+6 Stlth+}
HPRegen  0.18/turn              n - +6 ring of protection
MPRegen  0.15/turn              e - ring "Ryopnuhy" {rF+ SInv Stlth+}

@: flying quickly and evasively, very slightly contaminated, heavily drained,
quick
A: beak, talons 3, able to fly
a: Stop Flying, Channel Magic, Renounce Religion


You were on level 13 of the Dungeon.
You worshipped Sif Muna.
Sif Muna was pleased with you.
You were not hungry.

You visited 2 branches of the dungeon, and saw 13 of its levels.
You also visited: Ossuary.

You collected 675 gold pieces.
You spent 381 gold pieces at shops.

Inventory:

Hand Weapons
 a - a +2 dagger of holy wrath
Missiles
 r - 13 curare-tipped darts
 t - 9 poisoned darts
 u - 8 boomerangs (quivered)
Armour
 d - a +0 pair of gloves (worn)
 k - a +2 scale mail of magic resistance
 m - a +0 robe (worn)
 q - a +1 buckler (worn)
Magical Staves
 b - an uncursed staff of poison (weapon)
Jewellery
 e - the ring "Ryopnuhy" (right hand) {rF+ SInv Stlth+}
   (You bought it in a shop on level 7 of the Dungeon)

   [ring of see invisible]

   It protects you from fire.
   It lets you see invisible.
   It makes you more stealthy.
 n - a +6 ring of protection (left hand)
 z - an uncursed amulet of guardian spirit
 C - an uncursed ring of protection from cold
 D - the amulet of the Cast Vote (around neck) {Reflect Int+3 SH+6 Stlth+}
   (You found it on level 8 of the Dungeon)

   [amulet of reflection]

   It shields you and reflects attacks.
   It affects your intelligence (+3).
   It affects your SH (+6).
   It makes you more stealthy.
 M - an uncursed ring of fire
Wands
 p - a wand of random effects (23)
 F - a wand of acid (15)
 I - a wand of polymorph (8)
 J - a wand of disintegration (15)
 L - a wand of digging (6)
Scrolls
 h - a scroll of enchant armour
 i - 9 scrolls of identify
 l - 2 scrolls of enchant weapon
 w - 2 scrolls of magic mapping
 x - 5 scrolls of amnesia
 y - 3 scrolls of immolation
 A - 4 scrolls of remove curse
 H - 7 scrolls of teleportation
Potions
 f - a potion of cancellation
 g - 4 potions of lignification
 j - a potion of agility {unknown}
 s - 5 potions of curing
 B - 2 potions of might {unknown}
 E - 2 potions of heal wounds
 G - 2 potions of brilliance {unknown}
Comestibles
 c - 16 rations
 K - 4 chunks of flesh


   Skills:
 - Level 3.0(1.7) Fighting
 - Level 2.9(1.7) Short Blades
 + Level 8.1(6.7) Staves
 - Level 4.1(2.8) Dodging
 - Level 4.0(2.7) Stealth
 - Level 4.6(3.4) Shields
 - Level 3.4(2.1) Spellcasting
 - Level 4.2(2.9) Conjurations
 + Level 7.2(5.9) Poison Magic
 - Level 3.0(1.7) Invocations
 + Level 7.4(6.0) Evocations


You had 12 spell levels left.
You knew the following spells:

 Your Spells              Type           Power        Failure   Level  Hunger
a - Sting                 Conj/Pois      ####         2%          1    #......
c - Confusing Touch       Hex            #.....       16%         1    #......
A - Apportation           Tloc           #.....       16%         1    #......

Your spell library contained the following spells:

 Spells                   Type           Power        Failure   Level  Hunger
 Poisonous Vapours        Pois/Air       ###...       7%          2    ##.....
 Throw Frost              Conj/Ice       #.....       13%         2    ##.....
 Mephitic Cloud           Conj/Pois/Air  ###.....     14%         3    ###....
 Olgreb's Toxic Radiance  Pois           #####...     14%         4    #####..
 Animate Skeleton         Necr           N/A          16%         1    #......
 Corona                   Hex            #......      16%         1    #......
 Freeze                   Ice            #...         16%         1    #......
 Summon Small Mammal      Summ           #...         16%         1    #......
 Call Imp                 Summ           #.......     24%         2    ##.....
 Slow                     Hex            #.......     24%         2    ##.....
 Call Canine Familiar     Summ           #.......     43%         3    ###....
 Inner Flame              Hex/Fire       #.......     43%         3    ###....
 Ozocubu's Armour         Chrm/Ice       #.......     43%         3    ###....
 Portal Projectile        Hex/Tloc       #.....       43%         3    ###....
 Summon Guardian Golem    Hex/Summ       #.......     43%         3    ###....
 Venom Bolt               Conj/Pois      ####......   56%         5    ######.
 Throw Icicle             Conj/Ice       #.......     63%         4    #####..
 Cause Fear               Hex            #.........   83%         4    #####..
 Leda's Liquefaction      Hex/Erth       #.........   83%         4    #####..
 Summon Ice Beast         Ice/Summ       #.......     83%         4    #####..
 Summon Lightning Spire   Summ/Air       #.......     83%         4    #####..


Dungeon Overview and Level Annotations

Branches:
Dungeon (13/15)            Temple (1/1) D:6            Lair (0/6) D:10
Ossuary (visited)
    Orc: D:9-12      Vaults: D:13-14

Altars:
Ashenzari
Dithmenos
Elyvilon
Fedhas
Gozag
Hepliaklqana
Kikubaaqudgha
Makhleb
Nemelex Xobeh
Okawaru
Qazlal
Ru
Sif Muna
Trog
Uskayaw
Vehumet
Wu Jian
Xom
Yredelemnul
Zin
The Shining One

Shops:
D:7 =

Annotations:
D:10 3 runed translucent doors, diiiiiane's ghost, journeyman DEFE


Innate Abilities, Weirdness & Mutations

You have a beak for a mouth.
You have claws for feet.
You can fly continuously.


Message History

It was a scroll of immolation.
Casting: Sting (safe; 2% risk of failure)
Confirm with . or Enter, or press ? or * to list all spells.
Aiming: Sting (safe; 2% risk of failure)
Press: ? - help, Shift-Dir - straight line, f - wyvern
Aim: a wyvern You feel a surge of power!
The sting hits the vampire but does no damage.
The wyvern hisses menacingly.
There is an open door here.
There is an open door here.
The wyvern is poisoned.
You hit the wyvern but do no damage. You claw the wyvern.
The wyvern is lightly wounded.
The wyvern bites you!
* * * LOW HITPOINT WARNING * * *
You hit the wyvern. Your kick misses the wyvern.
The wyvern is lightly wounded.
The wyvern bites you!
You die...

##.### #.# #. #.##
# ..# #..# ####.##
##.# #.....# #l#
#.....# #.# #.....#
######'##
#.....#####.......#
#..†..#..@lV......#
#≈......###....)..+
#.....### #.......#
###.### ###'#####
#†## #..# #..##
##.### ##..# #...#
########'#### ###.#
#...........# #.#


You could see a vampire (inner flame) and a wyvern.

Vanquished Creatures
  Sonja (D:13)
  Joseph (D:6)
  A komodo dragon (D:10)
  A hippogriff (D:7)
  2 hungry ghosts
  2 soldier ants (D:13)
  4 orc warriors
  An ice beast (D:7)
  A black bear (D:6)
  2 ogres
  3 sky beasts
  2 necrophages
  2 centaurs
  2 elf zombies
  5 bullfrogs
  2 elf skeletons (D:5)
  A scorpion (D:6)
  6 killer bees
  4 wights (D:8)
  5 howler monkeys
  4 crimson imps
  5 hounds
  6 jellies
  3 centaur zombies
  An orc priest (D:7)
  2 human zombies (Ossuary)
  5 orc wizards
  A centaur skeleton (D:9)
  2 human skeletons (D:5)
  9 worker ants
  A big kobold zombie (Ossuary)
  3 hound skeletons
  3 mummies (Ossuary)
  A howler monkey zombie (D:7)
  2 worker ant zombies
  4 gnolls
  12 adders
  3 shadow imps
  An ooze (D:4)
  4 adder zombies (Ossuary)
  4 worms
  2 dart slugs
  2 leopard geckos
  16 orcs
  4 ball pythons
  7 giant cockroaches
  6 goblins
  3 hobgoblins
  3 jackals (D:3)
  6 quokkas
  17 bats
  5 frilled lizards
  A gnoll zombie (Ossuary)
  5 goblin zombies (Ossuary)
  2 hobgoblin zombies (Ossuary)
  3 jackal zombies (Ossuary)
  8 kobolds
  3 kobold zombies (Ossuary)
  A leopard gecko zombie (D:6)
  An orc skeleton (D:5)
  An orc zombie (Ossuary)
  5 quokka zombies (Ossuary)
  6 rats
  5 rat zombies (Ossuary)
  A plant (D:10)
237 creatures vanquished.

Vanquished Creatures (others)
  A plant (D:10)
1 creature vanquished.

Grand Total: 238 creatures vanquished

Notes
Turn   | Place    | Note
-------+----------+-------------------------------------------
     0 | D:1      | Destapler the Tengu Venom Mage began the quest for the Orb.
     0 | D:1      | Reached XP level 1. HP: 10/10 MP: 4/4
   165 | D:1      | Reached XP level 2. HP: 13/15 MP: 1/6
   665 | D:1      | Reached XP level 3. HP: 20/20 MP: 3/7
  1014 | D:2      | Reached skill level 1 in Fighting
  1296 | D:2      | Reached skill level 1 in Shields
  1296 | D:2      | Reached XP level 4. HP: 20/25 MP: 6/8
  2083 | D:3      | Found a faded altar of an unknown god.
  2769 | D:4      | Gained mutation: You can fly continuously. [Tengu growth]
  2769 | D:4      | Reached XP level 5. HP: 27/29 MP: 5/9
  3426 | D:4      | Noticed an ogre
  3469 | D:4      | Killed an ogre
  3469 | D:4      | Reached XP level 6. HP: 23/34 MP: 0/10
  3689 | D:5      | Entered Level 5 of the Dungeon
  3694 | D:5      | Found a glowing golden altar of the Shining One.
  3783 | D:5      | Found a sand-covered staircase.
  3800 | Ossuary  | Entered an ossuary
  3842 | Ossuary  | Reached skill level 1 in Short Blades
  3862 | Ossuary  | Reached XP level 7. HP: 33/39 MP: 9/11
  4500 | D:5      | Reached XP level 8. HP: 34/45 MP: 11/13
  4604 | D:6      | Found a staircase to the Ecumenical Temple.
  4619 | Temple   | Entered the Ecumenical Temple
  4779 | Temple   | Became a worshipper of Sif Muna the Loreminder
  4987 | D:6      | Found an iron altar of Okawaru.
  5549 | D:6      | Reached skill level 1 in Staves
  5570 | D:7      | Noticed Joseph
  5579 | D:6      | Reached skill level 1 in Invocations
  5579 | D:6      | Reached skill level 1 in Evocations
  5593 | D:6      | Killed Joseph
  5593 | D:6      | Reached skill level 2 in Staves
  5830 | D:6      | Reached skill level 3 in Staves
  5830 | D:6      | Reached XP level 9. HP: 39/50 MP: 11/15
  6081 | D:7      | Reached * piety under Sif Muna
  6103 | D:7      | Found Ycani's Jewellery Shoppe.
  6155 | D:7      | Reached skill level 4 in Staves
  6518 | D:7      | Bought the ring "Ryopnuhy" {rF+ SInv Stlth+} for 381 gold
                  | pieces
  7469 | D:8      | Reached skill level 5 in Staves
  7479 | D:7      | Reached skill level 5 in Poison Magic
  8234 | D:8      | Reached skill level 5 in Evocations
  8289 | D:8      | Got a fine zirconium amulet
  8291 | D:8      | Identified the amulet of the Cast Vote {Reflect Int+3 SH+6
                  | Stlth+} (You found it on level 8 of the Dungeon)
  8450 | D:8      | Learned a level 1 spell: Confusing Touch
  8452 | D:8      | Learned a level 1 spell: Apportation
  8726 | D:8      | Reached skill level 6 in Staves
  8863 | D:8      | Reached XP level 10. HP: 50/55 MP: 16/16
  8998 | D:8      | Reached ** piety under Sif Muna
  9344 | D:9      | Found a glowing golden altar of the Shining One.
  9828 | D:10     | Entered Level 10 of the Dungeon
  9923 | D:10     | Noticed diiiiiane's ghost (journeyman DEFE)
  9928 | D:10     | Noticed a deep troll
  9956 | D:10     | Reached skill level 7 in Staves
 10030 | D:10     | Found a staircase to the Lair.
 10234 | D:10     | Found a runed translucent gate.
 10234 | D:10     | Found a runed translucent gate.
 10234 | D:10     | Found a runed translucent gate.
 10463 | D:10     | You are sucked into a shaft and drop 3 floors!
 10825 | D:13     | Noticed Sonja
 10854 | D:13     | Killed Sonja
 10899 | D:13     | Reached skill level 8 in Staves
 11049 | D:13     | Slain by a wyvern

Levels and vault maps discovered:
D:1:      scummos_arrival_checkerplants, layout_basic
D:2:      layout_loops_ring, item_on_display_a
D:3:      minmay_skewed_foursquare, layout_basic,
          chequers_ecumenical_altar_twisty
D:4:      layout_basic, grunt_decor_resistance, kennysheep_generic_room_10
D:5:      layout_cave_pools, tso_altar, nicolae_ossuary_entry_catacombs,
          first_ration, kennysheep_generic_room_4
D:6:      layout_basic, temple_fountains, basic_altar
D:7:      layout_cave_pools, serial_shops, nicolae_shop_stone, serial_glass,
          glass_columns_a, glass_columns_a, glass_columns_a, glass_columns_a,
          glass_columns_a, uniq_joseph
D:8:      layout_basic
D:9:      layout_irregular_city, basic_altar, hangedman_pestilent_swarm
D:10:     layout_basic, david_lair_shrubbed, gammafunk_ghost_split,
          minmay_misc_feat_room
D:12:     layout_cave_pools, elyvilon_altar_4
D:13:     layout_roguey, lightli_vaults_fourway_checkpoint, roderic_batcave,
          uniq_sonja
Temple:   regret_index_temple_sigil_plot

Skill      XL: |  1  2  3  4  5  6  7  8  9 10 |
---------------+-------------------------------+-----
Conjurations   | 2 3 4 |  4.2
Fighting       | 1 2 3 |  3.0
Shields        | 1 2 4 |  4.6
Short Blades   | 1 2 |  2.9
Dodging        | 3 4 |  4.1
Stealth        | 3 4 |  4.0
Spellcasting   | 3 |  3.4
Poison Magic   | 4 5 7 |  7.2
Staves         | 3 6 8 |  8.1
Invocations    | 2 3 |  3.0
Evocations     | 2 5 7 |  7.4

Action                   |  1- 3 |  4- 6 |  7- 9 | 10-12 || total
-------------------------+-------+-------+-------+-------++-------
Melee: Unarmed           |    12 |       |       |       ||    12
       Kick              |     8 |    19 |   144 |   110 ||   281
       Peck              |     3 |    16 |    81 |    72 ||   172
       Dagger            |    15 |   119 |   174 |       ||   308
       Staff             |       |       |   329 |   372 ||   701
Throw: Dart              |       |       |     3 |       ||     3
       Boomerang         |       |       |       |     9 ||     9
 Cast: Sting             |    51 |    91 |   104 |    11 ||   257
       Confusing Touch   |       |       |       |    15 ||    15
 Abil: Fly               |       |     1 |       |       ||     1
  Use: Scroll            |       |     8 |     8 |     4 ||    20
       Potion            |       |       |     1 |       ||     1
 Stab: Sleeping          |     4 |     4 |    14 |    10 ||    32
       Confused          |       |       |       |    13 ||    13
  Eat: Chunk             |     2 |     9 |     9 |     6 ||    26
       Ration            |       |       |     2 |     2 ||     4
Armor: Robe              |    16 |    32 |   124 |    55 ||   227
Dodge: Dodged            |    34 |    83 |   402 |   134 ||   653
Block: Buckler           |       |    33 |   182 |   169 ||   384
       Reflection        |       |       |       |     3 ||     3
